 Dungeon Crawl Stone Soup version 0.24.0-1-gfbc8707122 (webtiles) character file.

Game seed: 9555068597745676481, levelgen mode: deterministic

11 Oravi the Grave Robber (level 2, 0/22 HPs)
             Began as a Ghoul Necromancer on Oct 27, 2019.
             Slain by a goblin
             ... wielding a +0 club
              (2 damage)
             ... on level 1 of the Dungeon.
             The game lasted 00:03:51 (357 turns).

Oravi the Grave Robber (Ghoul Necromancer)           Turns: 357, Time: 00:03:51

Health: 0/22       AC:  2    Str: 11    XL:     2   Next: 29%
Magic:  2/3        EV: 12    Int: 10    God:
Gold:   10         SH:  0    Dex:  9    Spells: 3/4 levels left

rFire    . . .     SeeInvis .     - Unarmed
rCold    + . .     Gourm    .   (no shield)
rNeg     + + +     Faith    .   a - +0 robe
rPois    ∞         Spirit   .   (no helmet)
rElec    .         Reflect  .   (no cloak)
rCorr    .         Harm     .   (no gloves)
MR       .....                  (no boots)
Stlth    +.........             (no amulet)
HPRegen  0.00/turn              (no ring)
MPRegen  0.08/turn              (no ring)

@: rotting, very slow
A: rotting body, claws 1, carnivore, cold resistance 1, negative energy
resistance 3, inhibited regeneration, torment resistance, unbreathing
a: no special abilities


You were on level 1 of the Dungeon.
You were not hungry.

You visited 1 branch of the dungeon, and saw 1 of its levels.

You collected 10 gold pieces.

Inventory:

Armour
 a - a +0 robe (worn)
Scrolls
 b - a scroll of fear {unknown}
 e - a scroll of immolation {unknown}
 g - a scroll of amnesia {unknown}
Potions
 d - a potion of haste {unknown}
Comestibles
 c - a ration
 f - 2 chunks of flesh


   Skills:
 + Level 0.6 Fighting
 + Level 0.4 Armour
 + Level 2.0 Dodging
 - Level 2.1 Stealth
 * Level 1.1 Unarmed Combat
 - Level 1.7 Spellcasting
 - Level 4.0 Necromancy


You had 3 spell levels left.
You knew the following spells:

 Your Spells              Type           Power        Failure   Level  Hunger
a - Pain                  Necr           #...         6%          1    ##.....

Your spell library contained the following spells:

 Spells                   Type           Power        Failure   Level  Hunger
 Animate Skeleton         Necr           N/A          6%          1    ##.....
 Vampiric Draining        Necr           #.........   19%         3    ####...
 Regeneration             Chrm/Necr      #.........   38%         3    ####...
 Animate Dead             Necr           N/A          52%         4    #####..


Dungeon Overview and Level Annotations

Branches:
Dungeon (1/15)

Altars:


Innate Abilities, Weirdness & Mutations

Your body is rotting away.
You thrive on raw meat.
You are immune to poison.
You have sharp fingernails.
You are carnivorous and can eat meat at any time.
Your flesh is cold resistant. (rC+)
You are immune to negative energy. (rN+++)
You do not regenerate when monsters are visible.
You are immune to unholy pain and torment.
You can survive without breathing.


Message History

The hobgoblin is severely wounded.
The hobgoblin hits you with a +0 club.
* * * LOW HITPOINT WARNING * * *
You scratch the hobgoblin.
You kill the hobgoblin!
Casting: Pain (safe; 6% risk of failure)
Aiming: Pain (safe; 6% risk of failure)
Aim: a goblin, wielding a +0 club (chance to defeat MR: 73%)
The goblin struggles to resist.
The goblin barely misses you.
You are too injured to fight recklessly!
You are too injured to fight recklessly!
You closely miss the goblin. The goblin hits you with a +0 club.
* * * LOW HITPOINT WARNING * * *
You miss the goblin. The goblin closely misses you.
You closely miss the goblin. The goblin hits you with a +0 club.
* * * LOW HITPOINT WARNING * * *
You enter the shallow water.
Moving in this stuff is going to be slow.
The goblin hits you with a +0 club.
You die...

#.......####.# #.......#
#.# ##......# #.#
########....g.# #.####
########...÷.........#
#....#
.........≈..(≈.....>##
####.#
#.######≈♣≈.≈♣≈####.#
#.# #≈♣⌠♣≈♣⌠♣≈# #.# #.#
##≈♣...♣@####.# #.#
##≈...≈g)....# #.#
#≈...≈.###### #.#
#≈.<.≈.# #.#
#≈...≈.#############.#
##≈...≈...............#
##≈....♣≈##.......######
#≈.⌠.≈♣⌠♣≈#.......#
##≈.≈.≈♣≈##.......#


You could see a goblin.

Vanquished Creatures
  2 giant cockroaches (D:1)
  4 goblins (D:1)
  2 hobgoblins (D:1)
  A bat (D:1)
  A frilled lizard (D:1)
10 creatures vanquished.

Vanquished Creatures (others)
  4 toadstools (D:1)
4 creatures vanquished.

Grand Total: 14 creatures vanquished

Notes
Turn   | Place    | Note
-------+----------+-------------------------------------------
     0 | D:1      | Oravi the Ghoul Necromancer began the quest for the Orb.
     0 | D:1      | Reached XP level 1. HP: 14/14 MP: 2/2
   234 | D:1      | Reached XP level 2. HP: 22/22 MP: 0/3
   277 | D:1      | Reached skill level 1 in Unarmed Combat
   357 | D:1      | Slain by a goblin

Levels and vault maps discovered:
D:1:      ldierk_water_garden, layout_basic, serial_forest,
          infiniplex_forest_lined_4_way, infiniplex_forest_side_room,
          infiniplex_forest_split, infiniplex_forest_corner_1,
          infiniplex_forest_lined_1, nrook_campfire, minmay_octomino_e4

Skill      XL: |  1  2 |
---------------+-------+-----
Unarmed Combat | 1 |  1.1
Dodging        | 2 |  2.0
Fighting       | |  0.6
Armour         | |  0.4
Stealth        | |  2.1
Spellcasting   | |  1.7
Necromancy     | |  4.0

Action                   || total
-------------------------++-------
Melee: Unarmed           ||    28
 Cast: Pain              ||    12
Armor: Robe              ||     4
Dodge: Dodged            ||    17
